 Dungeon Crawl Stone Soup version 0.30-a0-54-g2e61a25929 (webtiles) character file.

Game seed: 4762406487842190120

242 jlumianski the Chopper (level 5, -2/39 HPs)
             Began as a Demonspawn Gladiator on Sept 8, 2022.
             Slain by a human (6 damage)
             ... on level 4 of the Dungeon.
             The game lasted 00:10:15 (2579 turns).

jlumianski the Chopper (Demonspawn Gladiator)       Turns: 2579, Time: 00:10:16

Health: -2/39      AC: 13    Str: 17    XL:     5   Next: 81%
Magic:  5/5        EV:  7    Int:  9    God:
Gold:   142        SH:  9    Dex: 14    Spells: 4/4 levels left

rFire   . . .      SeeInvis +    a - +0 war axe
rCold   . . .      Faith    .    (no shield)
rNeg    . . .      Spirit   .    q - +4 chain mail
rPois   .          Reflect  +    c - +0 helmet
rElec   .          Harm     .    (no cloak)
rCorr   .          Rampage  .    (no gloves)
Will    .....                    (no boots)
Stlth   ..........               h - amulet of reflection
HPRegen 0.13/turn                v - ring of see invisible
MPRegen 0.09/turn                (no ring)

@: weakened, attractive
A: claws 1, hooves 1, condensation shield
a: no special abilities


You were on level 4 of the Dungeon.
You visited 1 branch of the dungeon, and saw 4 of its levels.

You collected 142 gold pieces.

Inventory:

Hand Weapons
 a - a +0 war axe (weapon)
 r - a +0 sling
Missiles
 d - 3 throwing nets
 e - a javelin
 g - 7 poisoned darts (quivered)
Armour
 b - a +0 leather armour
 c - a +0 helmet (worn)
 q - a +4 chain mail (worn)
 u - a +0 pair of gloves
Jewellery
 h - an amulet of reflection (around neck)
 v - a ring of see invisible (left claw)
Scrolls
 k - 4 scrolls of butterflies {unknown}
 o - 5 scrolls of teleportation {unknown}
 t - a scroll of amnesia {unknown}
 w - a scroll of immolation {unknown}
 y - a scroll of enchant weapon {unknown}
 A - a scroll of identify {unknown}
Potions
 f - a potion of curing
 i - a potion of experience {unknown}
 j - 2 potions of degeneration {unknown}
 l - a potion of might {unknown}
 m - 2 potions of attraction
 n - a potion of mutation {unknown}
 p - 3 potions of lignification {unknown}
 s - a potion of haste {unknown}
 x - 2 potions of berserk rage {unknown}
 z - a potion of cancellation {unknown}


   Skills:
 + Level 2.7 Fighting
 + Level 5.0 Axes
 + Level 1.8 Throwing
 + Level 1.2 Armour
 + Level 3.0 Dodging
 + Level 0.2 Stealth
 + Level 1.1 Shields


You had 4 spell levels left.
You didn't know any spells.
Your spell library contained the following spells:

 Spells                   Type           Power      Damage    Failure   Level
 Beastly Appendage        Tmut           0%         N/A       100%        1
 Foxfire                  Conj/Fire      0%         2x1d4     100%        1
 Wereblood                Tmut           0%         N/A       100%        2
 Conjure Flame            Conj/Fire      0%         6-21      100%        3
 Inner Flame              Hex/Fire       0%         N/A       100%        3
 Spider Form              Tmut/Pois      0%         N/A       100%        3
 Flame Wave               Conj/Fire      0%         2d4       100%        4


Dungeon Overview and Level Annotations

Branches:
Dungeon (4/15)
 Temple: D:4-7

Altars:
Yredelemnul


Innate Abilities, Weirdness & Mutations

You have sharp fingernails.
You have large cloven feet.
A meltable shield of frost defends you. (SH +4)


Message History

Your claw misses the gnoll bouda.
The gnoll bouda is heavily wounded.
Your attacks no longer feel as feeble.
The human hits you but does no damage.
The gnoll bouda hits you but does no damage.
You completely miss the gnoll bouda.
The gnoll bouda is heavily wounded.
The human hits you.
* * * LOW HITPOINT WARNING * * *
The gnoll bouda hits you with a +0 whip.
* * * LOW HITPOINT WARNING * * *
You feel better. The human hits you but does no damage.
The gnoll bouda closely misses you.
You hit the gnoll bouda but do no damage.
The gnoll bouda is heavily wounded.
The human hits you.
* * * LOW HITPOINT WARNING * * *
The gnoll bouda closely misses you. The human hits you but does no damage.
The gnoll bouda gazes fiercely through you!
You feel your attacks grow feeble. You block the gnoll bouda's attack.
You hit the gnoll bouda. You kick the gnoll bouda.
The gnoll bouda is severely wounded.
The human hits you but does no damage.
The gnoll bouda gazes fiercely through you!
You feel as though you will be weak longer.
You block the gnoll bouda's attack.
You barely miss the gnoll bouda. You kick the gnoll bouda.
The gnoll bouda is almost dead.
The human hits you but does no damage. The gnoll bouda barely misses you.
You hit the gnoll bouda but do no damage.
The gnoll bouda is almost dead.
The human hits you but does no damage.
The gnoll bouda hits you with a +0 whip.
* * * LOW HITPOINT WARNING * * *
You hit the gnoll bouda but do no damage.
Your kick misses the gnoll bouda.
The gnoll bouda is almost dead.
The human hits you.
You die...

#.# #.#### #....# #####
####.# #...# #.## #._.#
######...
####...####.#.#.#.#
###8.#####.8.#.#.#.#.
#..g@p....[[..#.#.#.#
#.#...#'#....#.#.#.#.
..#...#$#...#.#.#.#.#
.>....###....#.#.#.#.
...#.........#.#.#....
.....#..####..#.#.#.###.
.... ##?# #..#.#.#.#...#
.... #.. #.#.#.#.#.)..#
### ###...##.#.#.#..##


You could see a gnoll bouda and a neutral human (wandering).

Vanquished Creatures
  A jelly (D:4)
  A human skeleton (D:4)
  An iguana (D:4)
  Natasha (thrice) (D:3)
  2 adders
  3 worms (D:3)
  A dart slug (D:2)
  11 endoplasms
  2 giant cockroaches
  5 goblins
  3 hobgoblins
  2 jackals (D:1)
  4 kobolds
  2 quokkas (D:2)
  3 ball pythons
  A bat (D:2)
  3 frilled lizards
  3 rats
51 creatures vanquished.

Notes
Turn   | Place    | Note
-------+----------+-------------------------------------------
     0 | D:1      | jlumianski the Demonspawn Gladiator began the quest for the
                  | Orb.
     0 | D:1      | Reached XP level 1. HP: 16/16 MP: 1/1
   231 | D:1      | Reached skill level 3 in Axes
   406 | D:1      | Discovered your monstrous ancestry.
   406 | D:1      | Gained mutation: You have sharp fingernails. [demonic
                  | ancestry]
   406 | D:1      | Reached XP level 2. HP: 14/22 MP: 2/2
  1018 | D:2      | Gained mutation: A meltable shield of frost defends you.
                  | (SH +4) [demonic ancestry]
  1018 | D:2      | Reached XP level 3. HP: 28/28 MP: 3/3
  1259 | D:2      | Found a faded altar of an unknown god.
  1625 | D:3      | Noticed Natasha
  1629 | D:3      | Killed Natasha
  1630 | D:3      | Reached XP level 4. HP: 34/34 MP: 4/4
  1753 | D:4      | Reached skill level 4 in Axes
  1907 | D:3      | Reached skill level 1 in Shields
  1945 | D:3      | Noticed Natasha
  1953 | D:3      | Killed Natasha
  1954 | D:3      | Gained mutation: You have large cloven feet. [demonic
                  | ancestry]
  1954 | D:3      | Reached XP level 5. HP: 36/39 MP: 5/5
  2094 | D:3      | Noticed Natasha
  2101 | D:3      | Killed Natasha
  2268 | D:4      | Reached skill level 1 in Armour
  2517 | D:4      | Found a runed translucent door.
  2517 | D:4      | Noticed a human
  2523 | D:4      | Found a basalt altar of Yredelemnul.
  2531 | D:4      | Reached skill level 5 in Axes
  2579 | D:4      | Slain by a human

Illustrated notes

Levels and vault maps discovered:
D:1:      nicolae_arrival_memento_mori, layout_basic, minmay_tromino_v4_c
D:2:      layout_basic, hellmonk_ecumenical_altar_inner_sanctum
D:3:      layout_rooms, uniq_natasha
D:4:      layout_basic, dk_yredelemnul_ordeal, kennysheep_diamond,
          nicolae_titane, uniq_menkaure, uniq_sigmund, uniq_edmund

Skill      XL: |  1  2  3  4  5 |
---------------+----------------+-----
Axes           | 3 4 5 |  5.0
Shields        | 1 |  1.1
Armour         | 1 |  1.2
Dodging        | 3 |  3.0
Fighting       | |  2.7
Throwing       | |  1.8
Stealth        | |  0.2

Action                   |  1- 3 |  4- 6 || total
-------------------------+-------+-------++-------
Melee: War axe           |    75 |    94 ||   169
       Punch             |     1 |     2 ||     3
       Kick              |       |    17 ||    17
Throw: Dart              |       |     2 ||     2
  Use: Potion            |       |     3 ||     3
Armor: Leather armour    |     6 |       ||     6
       Chain mail        |    12 |    45 ||    57
Dodge: Dodged            |    36 |    21 ||    57
Block: Other             |    26 |    33 ||    59
       Reflection        |     2 |       ||     2

Table legend: (Time is in decaauts)
 A = Elapsed time spent in this place.
 B = Non-inter-level travel time spent in this place.
 C = Inter-level travel time spent in this place.
 D = Time resting spent in this place.
 E = Time spent auto-exploring this place.
 F = Levels seen in this place.
 G = Mean time per level.
                   A        B        C        D        E       F      G
               +--------+--------+--------+--------+--------+-----+--------+
         Total |   2658 |   2658 |      0 |    222 |   1278 |   4 |  664.5 |
       Dungeon |   2658 |   2658 |      0 |    222 |   1278 |   4 |  664.5 |
               +--------+--------+--------+--------+--------+-----+--------+

Top non-repeatable levels by time:
     D:1: 954 daAuts
     D:3: 747 daAuts
     D:2: 586 daAuts
     D:4: 369 daAuts
